 Dungeon Crawl Stone Soup version 0.20-b1 (webtiles) character file.

311 theElss the Cudgeler (level 6, -14/85 HPs)
             Began as a Minotaur Berserker on May 19, 2017.
             Was a Believer of Trog.
             Demolished by an ogre
             ... wielding a +0 giant club
              (24 damage)
             ... on level 4 of the Dungeon.
             The game lasted 00:07:03 (2952 turns).

theElss the Cudgeler (Minotaur Berserker)           Turns: 2952, Time: 00:07:04

Health: -14/85     AC: 11    Str: 28    XL:     6   Next: 18%
Magic:  5/5        EV:  8    Int:  4    God:    Trog [**....]
Gold:   226        SH:  0    Dex: 10    Spells: 5/5 levels left

rFire    . . .     SeeInvis .   a - +0 mace
rCold    . . .     Gourm    .   (no shield)
rNeg     . . .     Faith    .   t - +0 plate armour
rPois    .         Spirit   .   (helmet restricted)
rElec    .         Reflect  .   (no cloak)
rCorr    .         Harm     .   (no gloves)
MR       .....                  (no boots)
Stlth    ..........             (no amulet)
Regen    0.3/turn               (no ring)
MPRegen  0.1/turn               (no ring)

@: berserking, very quick
A: retaliatory headbutt, horns 2
a: Berserk, Trog's Hand, Burn Spellbooks, Renounce Religion


You were on level 4 of the Dungeon.
You worshipped Trog.
Trog was pleased with you.
You were hungry.

You visited 1 branch of the dungeon, and saw 4 of its levels.

You collected 226 gold pieces.

Inventory:

Hand Weapons
 a - a +0 mace (weapon)
Missiles
 e - 8 javelins (quivered)
Armour
 b - a +0 animal skin
 t - a +0 plate armour (worn)
Jewellery
 u - an uncursed ring of protection from cold {unknown}
Wands
 l - a wand of paralysis (16/24)
Scrolls
 f - 4 scrolls of identify {unknown}
 i - 3 scrolls of random uselessness {unknown}
 j - a scroll of teleportation {unknown}
 k - 2 scrolls of amnesia {unknown}
 q - a scroll of enchant armour {unknown}
 r - a scroll of fear {unknown}
 w - a scroll of enchant weapon {unknown}
Potions
 d - a potion of lignification {unknown}
 g - 4 potions of curing {unknown}
 h - a potion of haste {unknown}
 m - a potion of mutation {unknown}
 n - a potion of heal wounds {unknown}
 o - a potion of might {unknown}
 s - a potion of magic {unknown}
Comestibles
 c - 3 bread rations
 p - a meat ration
 v - a chunk of flesh


   Skills:
 + Level 5.7 Fighting
 + Level 6.1 Maces & Flails
 + Level 2.7 Armour
 + Level 3.7 Dodging


You had 5 spell levels left.
You didn't know any spells.

Dungeon Overview and Level Annotations

Branches:
Dungeon (4/15)
 Temple: D:4-7

Altars:


Innate Abilities, Weirdness & Mutations

You reflexively headbutt those who attack you in melee.
You have a pair of horns on your head.


Message History

The ogre shouts!
Found a stone staircase leading down.
You see here 35 stones.
You see here a book of Minor Magic.
The ogre hits you with a giant club!
You thump the ogre!
The ogre is heavily wounded.
A hound comes into view.
You hit the ogre.
The ogre is severely wounded.
The ogre hits you with a giant club!
You hit the ogre.
The ogre is severely wounded.
The ogre hits you with a giant club!!
* * * LOW HITPOINT WARNING * * *
A red film seems to cover your vision as you go berserk!
You feel yourself moving faster!
You feel mighty!
You are feeling hungry.
The ogre hits you with a giant club!!
You die...

.......)..# ..
..........###..
..............
..#>........#
............##
.............#
#.....O.h....###
#....@:(....<#
##.<..####....#
####.. ##..!....
##.. .........
##...........#
##......####
#......#
#.......


You could see an ogre and a hound.

Vanquished Creatures
  An ogre (D:3)
  An orc wizard (D:3)
  Natasha (twice) (D:2)
  3 gnolls (D:3)
  6 adders
  3 worms
  2 leopard geckos
  5 orcs (D:3)
  3 giant cockroaches
  6 goblins
  8 hobgoblins
  4 jackals
  A ball python (D:1)
  6 bats
  4 frilled lizards
  2 kobolds
  10 rats
67 creatures vanquished.

Notes
Turn   | Place    | Note
-------+----------+-------------------------------------------
     0 | D:1      | theElss the Minotaur Berserker began the quest for the Orb.
     0 | D:1      | Reached XP level 1. HP: 19/19 MP: 0/0
   243 | D:1      | Reached XP level 2. HP: 19/27 MP: 1/1
   548 | D:1      | Reached skill level 4 in Maces & Flails
  1042 | D:2      | Reached XP level 3. HP: 24/34 MP: 2/2
  1305 | D:2      | Noticed Natasha
  1314 | D:2      | Killed Natasha
  1379 | D:2      | Reached ** piety under Trog
  1401 | D:2      | Noticed Natasha
  1406 | D:2      | Killed Natasha
  1406 | D:2      | Reached XP level 4. HP: 23/41 MP: 3/3
  1408 | D:2      | Reached skill level 5 in Fighting
  1729 | D:2      | Reached skill level 5 in Maces & Flails
  2149 | D:3      | Reached XP level 5. HP: 42/48 MP: 4/4
  2516 | D:3      | Noticed an ogre
  2521 | D:3      | Killed an ogre
  2725 | D:3      | Reached skill level 6 in Maces & Flails
  2725 | D:3      | Reached XP level 6. HP: 50/56 MP: 5/5
  2952 | D:4      | Demolished by an ogre

Skill      XL: |  1  2  3  4  5 |
---------------+----------------+-----
Fighting       | 4 5 |  5.7
Maces & Flails | 4 5 6 |  6.1
Dodging        | 3 |  3.7
Armour         | |  2.7

Action                   |  1- 3 |  4- 6 || total
-------------------------+-------+-------++-------
Melee: Mace              |    55 |   102 ||   157
       Headbutt          |     9 |    13 ||    22
Invok: Berserk           |     2 |     2 ||     4
 Stab: Distracted        |     1 |       ||     1
  Eat: Chunk             |     3 |     7 ||    10
Armor: Animal skin       |    10 |     6 ||    16
       Plate armour      |       |    42 ||    42
Dodge: Dodged            |    34 |    60 ||    94
